 Dungeon Crawl Stone Soup version 0.21.1-1-g345015fe64 (webtiles) character file.

5335 Oravi the Slinger (level 10, 0/71 HPs)
             Began as a Halfling Hunter on Apr 24, 2018.
             Was an Elder of Okawaru.
             Slain by a hornet (12 damage)
             ... on level 8 of the Dungeon.
             The game lasted 00:33:42 (8165 turns).

Oravi the Slinger (Halfling Hunter)                 Turns: 8165, Time: 00:33:42

Health: 0/71       AC: 11    Str: 16    XL:     10   Next: 96%
Magic:  9/10       EV: 22    Int: 11    God:    Okawaru [****..]
Gold:   542        SH:  8    Dex: 16    Spells: 9/9 levels left

rFire    . . .     SeeInvis .   b - +0 dagger (elec)
rCold    . . .     Gourm    .   p - +0 buckler
rNeg     . . .     Faith    .   c - +1 leather armour
rPois    .         Spirit   .   l - +0 helmet
rElec    .         Reflect  .   (no cloak)
rCorr    .         Harm     .   k - +0 pair of gloves
MR       .....                  s - +2 pair of boots
Stlth    +++.......             (no amulet)
HPRegen  0.21/turn              H - +2 ring of intelligence
MPRegen  0.12/turn              (no ring)

@: lethally poisoned (0 -> -4), heroism
A: small, mutation resistance 1
a: Heroism, Renounce Religion


You were on level 8 of the Dungeon.
You worshipped Okawaru.
Okawaru was greatly pleased with you.
You were not hungry.

You visited 2 branches of the dungeon, and saw 10 of its levels.
You also visited: Ossuary.

You collected 542 gold pieces.

Inventory:

Hand Weapons
 a - a +4 hunting sling of flaming
 b - a +0 dagger of electrocution (weapon)
 t - a +2 falchion of protection
 u - a +0 short sword
Missiles
 d - 41 sling bullets
 e - 61 stones (quivered)
Armour
 c - a +1 leather armour (worn)
 k - a +0 pair of gloves (worn)
 l - a +0 helmet (worn)
 p - a +0 buckler (worn)
 s - a +2 pair of boots (worn)
 z - the +1 robe of Fauplem {rC+++ MR- Regen+ Dex-5}
   (You found it on level 9 of the Dungeon)

   It affects your dexterity (-5).
   It renders you almost immune to cold.
   It affects your resistance to hostile enchantments.
   It increases your rate of regeneration.
Jewellery
 H - a +2 ring of intelligence (left hand)
Wands
 j - a wand of iceblast (10)
 A - a wand of polymorph (9)
 F - a wand of digging (14)
Scrolls
 n - 4 scrolls of fear
 o - 4 scrolls of remove curse
 q - 5 scrolls of teleportation
 r - a scroll of amnesia {unknown}
 w - 2 scrolls of magic mapping
 y - a scroll of enchant armour
 D - a scroll of immolation {unknown}
Potions
 g - 2 potions of cancellation
 h - a potion of might
 i - 4 potions of haste
 m - 2 potions of mutation
 v - 2 potions of resistance
 x - 2 potions of ambrosia
 B - a potion of invisibility {unknown}
 C - 3 potions of heal wounds
 E - a potion of berserk rage
Comestibles
 f - 17 rations


   Skills:
 + Level 7.1(12.1) Fighting
 * Level 9.4(14.4) Short Blades
 + Level 0.4(9.9) Long Blades
 - Level 12.0(17.0) Slings
 + Level 3.8(8.8) Armour
 + Level 5.1(10.1) Dodging
 - Level 1.1(6.1) Stealth
 * Level 5.7(10.7) Shields
 + Level 0.1 Invocations


You had 9 spell levels left.
You didn't know any spells.

Dungeon Overview and Level Annotations

Branches:
Dungeon (9/15)             Temple (1/1) D:5
   Lair: D:8-11         Orc: D:9-12

Altars:
Ashenzari
Cheibriados
Dithmenos
Elyvilon
Fedhas
Hepliaklqana
Kikubaaqudgha
Makhleb
Nemelex Xobeh
Okawaru
Qazlal
Ru
Sif Muna
Trog
Uskayaw
Vehumet
Wu Jian
Xom
Yredelemnul
Zin
The Shining One

Annotations:
D:3 CInkIbrahim's ghost, amateur OpGl
D:4 Gargoyl's ghost, novice CeAK


Innate Abilities, Weirdness & Mutations

You are small and have problems with some larger weapons.
You are somewhat resistant to further mutation.


Message History

You feel sick. The hornet barely misses you.
You completely miss the hornet.
The hornet is almost dead.
You block the hornet's attack.
You hit the hornet but do no damage.
The hornet is almost dead.
The hornet misses you.
You barely miss the hornet.
The hornet is almost dead.
You feel sick.
You hit the hornet but do no damage.
The hornet is almost dead.
The hornet completely misses you.
You closely miss the hornet.
The hornet is almost dead.
The hornet barely misses you.
You completely miss the hornet.
The hornet is almost dead.
You feel sick. The hornet stings you!
You die...

................))..)[......#
#####.#.......#######.#####.#
#..........## #.# #.#
#.###.......## #.# #.# #.#
#........# #.# #.#
###.#####.##.### #.# #.#
#.........##.#.# #.## #.#
#...#####.#(#.## #..# #.#
###...##....##(#@# ##.# #.#
......##.##.#.#y## #.####.#
####..##.#####.# #.##...#
#..##.## ## ### #.##.###
#..#.#.#### #.# #.##.#
#...###...# #.# #.##.#
####.#..######.####.##.#
##.#.............##.#
#.#.######.....###.#


You could see a hornet.

Vanquished Creatures
  2 two-headed ogres (D:8)
  A hornet (D:8)
  A hippogriff (D:6)
  Menkaure (Ossuary)
  2 soldier ants (D:8)
  A hornet zombie (D:8)
  An orc warrior (D:8)
  5 ice beasts
  A black bear (D:6)
  A necrophage (D:3)
  3 ogres
  2 centaurs
  An elf zombie (Ossuary)
  A gnoll sergeant (D:8)
  4 bullfrogs
  A water moccasin zombie (D:5)
  2 scorpions
  4 crimson imps
  3 centaur zombies
  8 hounds
  A human zombie (Ossuary)
  5 orc priests
  2 jellies (D:8)
  3 orc wizards
  5 worker ants
  A killer bee zombie (D:9)
  A big kobold zombie (Ossuary)
  4 ogre zombies (Ossuary)
  A hound zombie (D:7)
  A hound skeleton (D:5)
  6 mummies (Ossuary)
  2 worker ant zombies
  Robin (D:3)
  8 gnolls
  10 adders
  3 shadow imps
  4 adder zombies
  3 worms (D:2)
  2 dart slugs
  9 leopard geckos
  29 orcs
  2 ball pythons
  19 giant cockroaches
  3 gnoll zombies (Ossuary)
  20 goblins
  7 hobgoblins
  21 jackals
  5 kobolds
  6 quokkas
  6 bats
  2 frilled lizards
  4 goblin zombies
  3 hobgoblin zombies (Ossuary)
  2 jackal skeletons
  2 kobold zombies (Ossuary)
  An orc zombie (Ossuary)
  A quokka skeleton (D:7)
  6 quokka zombies
  10 rats
  3 rat zombies (Ossuary)
269 creatures vanquished.

Notes
Turn   | Place    | Note
-------+----------+-------------------------------------------
     0 | D:1      | Oravi the Halfling Hunter began the quest for the Orb.
     0 | D:1      | Reached XP level 1. HP: 14/14 MP: 1/1
    58 | D:1      | Reached skill level 6 in Slings
    64 | D:1      | Reached XP level 2. HP: 19/19 MP: 2/2
   512 | D:1      | Reached XP level 3. HP: 24/24 MP: 3/3
   574 | D:1      | Reached skill level 7 in Slings
   962 | D:2      | Reached XP level 4. HP: 29/29 MP: 4/4
  1044 | D:2      | Reached skill level 8 in Slings
  1206 | D:2      | Reached XP level 5. HP: 34/34 MP: 5/5
  1404 | D:3      | Noticed CInkIbrahim's ghost (amateur OpGl)
  1529 | D:3      | Noticed Robin
  1546 | D:3      | Killed Robin
  1552 | D:3      | Reached skill level 9 in Slings
  1602 | D:3      | Noticed a necrophage
  1619 | D:3      | Killed a necrophage
  1619 | D:3      | Reached skill level 1 in Armour
  1619 | D:3      | Reached XP level 6. HP: 39/39 MP: 6/6
  1787 | D:3      | Reached skill level 10 in Slings
  2490 | D:4      | Reached XP level 7. HP: 44/44 MP: 7/7
  2499 | D:4      | Noticed Gargoyl's ghost (novice CeAK)
  2503 | D:4      | Reached skill level 11 in Slings
  2611 | D:4      | Reached skill level 1 in Shields
  3145 | D:5      | Entered Level 5 of the Dungeon
  3392 | D:5      | Reached XP level 8. HP: 47/50 MP: 8/8
  3430 | D:5      | Reached skill level 1 in Short Blades
  3494 | D:5      | Found a staircase to the Ecumenical Temple.
  3517 | Temple   | Entered the Ecumenical Temple
  3522 | Temple   | Became a worshipper of Warmaster Okawaru
  3861 | D:5      | Reached skill level 12 in Slings
  4458 | D:6      | Reached * piety under Okawaru
  4631 | D:6      | Reached XP level 9. HP: 58/58 MP: 9/9
  5021 | D:7      | Noticed a hippogriff
  5045 | D:6      | Killed a hippogriff
  5488 | D:7      | Reached skill level 5 in Fighting
  5584 | D:7      | Reached ** piety under Okawaru
  5586 | D:7      | Found a sand-covered staircase.
  5593 | Ossuary  | Entered an ossuary
  5851 | Ossuary  | Reached skill level 5 in Short Blades
  5854 | Ossuary  | Noticed Menkaure
  5861 | Ossuary  | Killed Menkaure
  6615 | D:8      | Reached XP level 10. HP: 68/68 MP: 10/10
  6712 | D:8      | Noticed a two-headed ogre
  6721 | D:8      | Killed a two-headed ogre
  6721 | D:8      | Reached *** piety under Okawaru
  6902 | D:8      | Reached skill level 5 in Shields
  6974 | D:8      | Noticed a two-headed ogre
  6987 | D:8      | Killed a two-headed ogre
  7054 | D:8      | Reached skill level 5 in Dodging
  7306 | D:8      | Reached **** piety under Okawaru
  7615 | D:8      | Found a burning altar of Makhleb.
  7867 | D:9      | Got a warped robe
  7878 | D:9      | Identified the +1 robe of Fauplem {rC+++ MR- Regen+ Dex-5} (You found it on level 9 of the Dungeon)
  8136 | D:8      | Received a gift from Okawaru
  8150 | D:8      | Paralysed by a hornet for 3 turns
  8165 | D:8      | Slain by a hornet

Skill      XL: |  1  2  3  4  5  6  7  8  9 10 |
---------------+-------------------------------+-----
Slings         | 6 7 8 9 10 11 12 | 12.0
Armour         | 1 3 |  3.8
Shields        | 1 2 4 5 |  5.7
Dodging        | 3 4 5 |  5.1
Fighting       | 2 4 5 7 |  7.1
Short Blades   | 3 6 9 |  9.4
Long Blades    | |  0.4
Stealth        | |  1.1
Invocations    | |  0.1

Action                   |  1- 3 |  4- 6 |  7- 9 | 10-12 || total
-------------------------+-------+-------+-------+-------++-------
Melee: Short sword       |       |       |    46 |       ||    46
       Dagger            |       |       |   179 |    51 ||   230
       Falchion          |       |       |     7 |       ||     7
 Fire: Hunting sling     |    77 |   191 |   393 |   172 ||   833
Invok: Heroism           |       |       |       |     3 ||     3
  Use: Scroll            |     6 |     2 |    11 |     2 ||    21
       Potion            |       |       |     8 |     1 ||     9
 Stab: Sleeping          |       |       |     3 |       ||     3
  Eat: Chunk             |       |     4 |    13 |     4 ||    21
Armor: Leather armour    |     1 |     6 |    56 |     5 ||    68
       Skin              |       |       |    27 |       ||    27
Dodge: Dodged            |     8 |    35 |   153 |    57 ||   253
Block: Buckler           |       |     7 |    54 |    22 ||    83
       Rpst.: Falchion   |       |       |     5 |       ||     5
